SAA
CASPER GHOSTS @ TACOMA FUR TRADERS
07/29/2041
 
TOP OF THE 1ST
Casper Ghosts batting - Pitching for Tacoma Fur Traders : RHP Ralph Johnston
Pitching: RHP Ralph Johnston
Batting: RHB Thinley Tshering 0-0: Foul Ball, location: 2F
0-1: Foul Ball, location: 2F
0-2: Ball
1-2: Strikes out swinging
Batting: RHB Marcos Janero 0-0: Called Strike
0-1: Ball
1-1: Called Strike
1-2: Ball
2-2: Ball
3-2: Foul Ball, location: 2F
3-2: SINGLE (Line Drive, 89M, EV 106.2 MPH)
Batting: RHB Félix Fernández 0-0: Grounds into double play, 4-6-3 (Groundball, 4, EV 86.9 MPH)
Top of the 1st over - 0 runs, 1 hit, 0 errors, 0 left on base; Casper 0 - Tacoma 0
BOTTOM OF THE 1ST
Tacoma Fur Traders batting - Pitching for Casper Ghosts : LHP Dave Shepard
Pitching: LHP Dave Shepard
Batting: RHB Mario Rangel 0-0: Ball
1-0: Ball
2-0: Called Strike
2-1: SINGLE (Groundball, 56S, EV 64.4 MPH) (infield hit)
Batting: SHB Jake Pinto 0-0: Ball
1-0: Foul Ball, location: 2F
1-1: Ball
2-1: Swinging Strike
2-2: Ball
3-2: Foul Ball, location: 2F
3-2: Fielders Choice at 2nd, 4-6 (Groundball, 4, EV 105.6 MPH)
Batting: RHB Félix Olvera 0-0: Ball
1-0: Ball
2-0: Swinging Strike
2-1: Fielders Choice at 2nd, 5-4 (Groundball, 56, EV 90.0 MPH)
Batting: RHB Jeroen Penning 0-0: Ball
Wild Pitch!
Félix Olvera to second
1-0: Foul Ball, location: 2F
1-1: Ball
2-1: Called Strike
2-2: Ball
3-2: Base on Balls
Batting: LHB Hori Ikenaki 0-0: Ground out 5-3 (Groundball, 56S, EV 95.0 MPH)
Bottom of the 1st over - 0 runs, 1 hit, 0 errors, 2 left on base; Casper 0 - Tacoma 0
TOP OF THE 2ND
Casper Ghosts batting - Pitching for Tacoma Fur Traders : RHP Ralph Johnston
Batting: LHB Edward Kisiner 0-0: Called Strike
0-1: Ball
1-1: Ball
2-1: Swinging Strike
2-2: Ball
3-2: Base on Balls
Batting: RHB Cam Lumsden 0-0: Foul Ball, location: 2F
0-1: Fly out, F9 (Flyball, 89D, EV 101.2 MPH)
Batting: RHB Obiniana Romulo 0-0: Ball
1-0: Foul Ball, location: 2F
1-1: Foul Ball, location: 2F
1-2: Fly out, F3 (Popup, 3SF, EV 83.1 MPH)
Batting: RHB Ken Joyner 0-0: Swinging Strike
0-1: Fly out, F8 (Flyball, 78M, EV 90.0 MPH)
Top of the 2nd over - 0 runs, 0 hits, 0 errors, 1 left on base; Casper 0 - Tacoma 0
BOTTOM OF THE 2ND
Tacoma Fur Traders batting - Pitching for Casper Ghosts : LHP Dave Shepard
Batting: RHB Mack Bray 0-0: Ball
1-0: Called Strike
1-1: Ground out 4-3 (Groundball, 4, EV 82.5 MPH)
Batting: LHB Jaako Haavisto 0-0: Ball
1-0: Foul Ball, location: 2F
1-1: Foul Ball, location: 2F
1-2: Ball
2-2: TRIPLE (Line Drive, 89XD, EV 98.8 MPH)
Batting: RHB Henry Kent 0-0: Called Strike
0-1: Foul Ball, location: 2F
0-2: Ball
1-2: Ground out 6-3 (Groundball, 6, EV 98.1 MPH)
Jaako Haavisto scores
Batting: SHB Mark Boyle 0-0: Fly out, F8 (Flyball, 8LS, EV 91.9 MPH)
Bottom of the 2nd over - 1 run, 1 hit, 0 errors, 0 left on base; Casper 0 - Tacoma 1
TOP OF THE 3RD
Casper Ghosts batting - Pitching for Tacoma Fur Traders : RHP Ralph Johnston
Batting: RHB Izaak Gerkis 0-0: Called Strike
0-1: Called Strike
0-2: Ball
1-2: Ball
2-2: Foul Ball, location: 2F
2-2: Strikes out looking
Batting: RHB Teok-kyu Pak 0-0: Ball
1-0: Ball
2-0: Called Strike
2-1: Ball
3-1: SINGLE (Line Drive, 6M, EV 101.2 MPH)
Batting: RHB Thinley Tshering 0-0: Ball
1-0: Ball
2-0: Grounds into double play, 6-4-3 (Groundball, 6, EV 101.2 MPH)
Top of the 3rd over - 0 runs, 1 hit, 0 errors, 0 left on base; Casper 0 - Tacoma 1
BOTTOM OF THE 3RD
Tacoma Fur Traders batting - Pitching for Casper Ghosts : LHP Dave Shepard
Batting: RHB Mario Rangel 0-0: Ground out 1-6-3 (Groundball, 15S, EV 110.0 MPH)
Batting: SHB Jake Pinto 0-0: Foul Ball, location: 2F
0-1: Foul Ball, location: 2F
0-2: Ball
1-2: Strikes out swinging
Batting: RHB Félix Olvera 0-0: Foul Ball, location: 2F
0-1: Ball
1-1: Ball
2-1: Ball
3-1: Base on Balls
Batting: RHB Jeroen Penning 0-0: Ground out 4-3 (Groundball, 4, EV 100.0 MPH)
Bottom of the 3rd over - 0 runs, 0 hits, 0 errors, 1 left on base; Casper 0 - Tacoma 1
TOP OF THE 4TH
Casper Ghosts batting - Pitching for Tacoma Fur Traders : RHP Ralph Johnston
Batting: RHB Marcos Janero 0-0: Ground out 6-3 (Groundball, 56, EV 107.5 MPH)
Batting: RHB Félix Fernández 0-0: Ball
1-0: Ball
2-0: SINGLE (Line Drive, 7S, EV 91.2 MPH)
Batting: LHB Edward Kisiner 0-0: Ball
Wild Pitch!
Félix Fernández to second
1-0: Ground out U3 (Groundball, 34, EV 86.9 MPH)
Félix Fernández to third
Batting: RHB Cam Lumsden 0-0: Swinging Strike
0-1: Ball
1-1: Called Strike
1-2: Strikes out swinging
Top of the 4th over - 0 runs, 1 hit, 0 errors, 1 left on base; Casper 0 - Tacoma 1
BOTTOM OF THE 4TH
Tacoma Fur Traders batting - Pitching for Casper Ghosts : LHP Dave Shepard
Batting: LHB Hori Ikenaki 0-0: Ball
1-0: Ball
2-0: Ground out U3 (Groundball, 34, EV 83.8 MPH)
Batting: RHB Mack Bray 0-0: Called Strike
0-1: Ball
1-1: Ball
2-1: Swinging Strike
2-2: Ball
3-2: Strikes out looking
Batting: LHB Jaako Haavisto 0-0: Ball
1-0: Ball
2-0: Called Strike
2-1: SINGLE (Line Drive, 9LS, EV 93.8 MPH)
Batting: RHB Henry Kent 0-0: Called Strike
0-1: Ball
1-1: Ball
2-1: Fly out, F8 (Flyball, 8LXD, EV 99.4 MPH)
Bottom of the 4th over - 0 runs, 1 hit, 0 errors, 1 left on base; Casper 0 - Tacoma 1
TOP OF THE 5TH
Casper Ghosts batting - Pitching for Tacoma Fur Traders : RHP Ralph Johnston
Batting: RHB Obiniana Romulo 0-0: Ball
1-0: Ball
2-0: Ball
3-0: Base on Balls
Batting: RHB Ken Joyner 0-0: Called Strike
0-1: Ball
1-1: Ball
2-1: Foul Ball, location: 2F
2-2: Fly out, F5 (Popup, 5D, EV 65.6 MPH)
Batting: RHB Izaak Gerkis 0-0: Foul Ball, location: 2F
0-1: Grounds into double play, 4-6-3 (Groundball, 34, EV 85.6 MPH)
Top of the 5th over - 0 runs, 0 hits, 0 errors, 0 left on base; Casper 0 - Tacoma 1
BOTTOM OF THE 5TH
Tacoma Fur Traders batting - Pitching for Casper Ghosts : LHP Dave Shepard
Batting: SHB Mark Boyle 0-0: Ball
1-0: Swinging Strike
1-1: Ball
2-1: Swinging Strike
2-2: Ball
3-2: Foul Ball, location: 2F
3-2: Base on Balls
Batting: RHB Mario Rangel 0-0: SINGLE (Line Drive, 34D, EV 107.5 MPH)
Mark Boyle to second
Batting: SHB Jake Pinto 0-0: Sac Bunt to 13 - play at first, batter OUT! 1-3
Mark Boyle to third
Mario Rangel to second
Batting: RHB Félix Olvera 0-0: Ball
1-0: Called Strike
1-1: Ball
2-1: Foul Ball, location: 2F
2-2: Ground out 6-3 (Groundball, 4MD, EV 108.1 MPH)
Mark Boyle scores
Mario Rangel to third
Batting: RHB Jeroen Penning 0-0: SINGLE (Groundball, 34D, EV 96.2 MPH)
Mario Rangel scores
Batting: LHB Hori Ikenaki 0-0: SINGLE (Groundball, 6MD, EV 96.2 MPH)
Jeroen Penning to second
Batting: RHB Mack Bray 0-0: Called Strike
0-1: SINGLE (Groundball, 6D, EV 97.5 MPH)
Jeroen Penning to third
Hori Ikenaki to second
Runner from 3rd tries for Home, SAFE, throw by CF to home
Batting: LHB Jaako Haavisto 0-0: Called Strike
0-1: Ball
1-1: Ball
2-1: DOUBLE (Line Drive, 9LM, EV 100.0 MPH)
Hori Ikenaki scores
Mack Bray to third
Runner from 3rd tries for Home, SAFE, throw by RF to trailing runner, SAFE at third!
Pitching: LHP Zedekiah Brenneman
Batting: RHB Henry Kent 0-0: Called Strike
0-1: Swinging Strike
0-2: Ball
1-2: Ball
2-2: Strikes out swinging
Bottom of the 5th over - 5 runs, 5 hits, 0 errors, 1 left on base; Casper 0 - Tacoma 6
TOP OF THE 6TH
Casper Ghosts batting - Pitching for Tacoma Fur Traders : RHP Ralph Johnston
Batting: RHB Teok-kyu Pak 0-0: SINGLE (Line Drive, 9LS, EV 92.5 MPH)
Batting: RHB Thinley Tshering 0-0: Called Strike
0-1: Called Strike
0-2: Fly out, F8 (Line Drive, 8LM, EV 90.0 MPH)
Batting: RHB Marcos Janero 0-0: Ball
1-0: SINGLE (Groundball, 6MD, EV 96.2 MPH)
Teok-kyu Pak to second
Batting: RHB Félix Fernández 0-0: Called Strike
0-1: Ball
1-1: Ball
2-1: SINGLE (Groundball, 34D, EV 105.6 MPH)
Teok-kyu Pak to third
Marcos Janero to second
Runner from 3rd tries for Home, SAFE, no throw by RF
Batting: LHB Edward Kisiner 0-0: Ball
1-0: Ball
2-0: Ball
3-0: Base on Balls
Marcos Janero to third
Félix Fernández to second
Batting: RHB Cam Lumsden 0-0: Called Strike
0-1: Fly out, F7 (Line Drive, 7, EV 99.4 MPH)
Runner from 3rd tags up, SCORES, no throw by LF
Batting: RHB Obiniana Romulo 0-0: Ball
1-0: SINGLE (Groundball, 6MD, EV 93.8 MPH)
Félix Fernández to third
Edward Kisiner to second
Runner from 3rd tries for Home, SAFE, throw by CF to home
Batting: RHB Ken Joyner 0-0: Ball
1-0: Called Strike
1-1: Ground out U3 (Groundball, 34, EV 93.1 MPH)
Top of the 6th over - 3 runs, 4 hits, 0 errors, 2 left on base; Casper 3 - Tacoma 6
BOTTOM OF THE 6TH
Tacoma Fur Traders batting - Pitching for Casper Ghosts : LHP Zedekiah Brenneman
Batting: SHB Mark Boyle 0-0: Fly out, F9 (Flyball, 9S, EV 89.4 MPH)
Batting: RHB Mario Rangel 0-0: SINGLE (Groundball, 6MD, EV 93.8 MPH)
Batting: SHB Jake Pinto 0-0: Ball
1-0: Foul Ball, location: 2F
1-1: Called Strike
1-2: Foul Ball, location: 2F
1-2: Grounds into double play, 5-4-3 (Groundball, 5, EV 85.0 MPH)
Bottom of the 6th over - 0 runs, 1 hit, 0 errors, 0 left on base; Casper 3 - Tacoma 6
TOP OF THE 7TH
Casper Ghosts batting - Pitching for Tacoma Fur Traders : RHP Ralph Johnston
Batting: RHB Izaak Gerkis 0-0: Ball
1-0: Ground out 6-3 (Groundball, 6, EV 87.5 MPH)
Batting: RHB Teok-kyu Pak 0-0: SINGLE (Groundball, 4M, EV 106.2 MPH) (infield hit)
Batting: RHB Thinley Tshering 0-0: Grounds into double play, 1-6-3 (Groundball, 13S, EV 70.0 MPH)
Top of the 7th over - 0 runs, 1 hit, 0 errors, 0 left on base; Casper 3 - Tacoma 6
BOTTOM OF THE 7TH
Tacoma Fur Traders batting - Pitching for Casper Ghosts : LHP Zedekiah Brenneman
Batting: RHB Félix Olvera 0-0: Ground out 5-3 (Groundball, 5, EV 84.4 MPH)
Batting: RHB Jeroen Penning 0-0: Called Strike
0-1: Fly out, F8 (Line Drive, 8LD, EV 106.2 MPH)
Batting: LHB Hori Ikenaki 0-0: Called Strike
0-1: Called Strike
0-2: Ball
1-2: Ball
2-2: Strikes out looking
Bottom of the 7th over - 0 runs, 0 hits, 0 errors, 0 left on base; Casper 3 - Tacoma 6
TOP OF THE 8TH
Casper Ghosts batting - Pitching for Tacoma Fur Traders : RHP Ralph Johnston
Batting: RHB Marcos Janero 0-0: Swinging Strike
0-1: Ball
1-1: Ball
2-1: Ball
3-1: SINGLE (Groundball, 56D, EV 94.4 MPH)
Batting: RHB Félix Fernández 0-0: Ball
1-0: Foul Ball, location: 2F
1-1: Grounds into double play, 4-6-3 (Groundball, 4, EV 76.2 MPH)
Batting: LHB Edward Kisiner 0-0: Swinging Strike
0-1: Fly out, F9 (Flyball, 9LS, EV 83.8 MPH)
Top of the 8th over - 0 runs, 1 hit, 0 errors, 0 left on base; Casper 3 - Tacoma 6
BOTTOM OF THE 8TH
Tacoma Fur Traders batting - Pitching for Casper Ghosts : LHP Zedekiah Brenneman
Batting: RHB Mack Bray 0-0: Ball
1-0: Foul Ball, location: 2F
1-1: Foul Ball, location: 2F
1-2: Ball
2-2: SINGLE (Groundball, 6MD, EV 96.9 MPH)
Batting: LHB Jaako Haavisto 0-0: Called Strike
0-1: Swinging Strike
0-2: SINGLE (Groundball, 34D, EV 108.1 MPH)
Mack Bray to second
Runner from 2nd tries for 3rd, SAFE, no throw by RF
Batting: RHB Henry Kent 0-0: Ball
1-0: Ball
2-0: Ball
3-0: Base on Balls
Jaako Haavisto to second
Batting: SHB Mark Boyle 0-0: Fly out, F3 (Popup, 3SF, EV 75.0 MPH)
Batting: RHB Mario Rangel 0-0: Ball
1-0: Foul Ball, location: 2F
1-1: Foul Ball, location: 2F
1-2: Ball
2-2: Foul Ball, location: 2F
2-2: Ball
3-2: Fly out, F6 (Line Drive, 6, EV 71.2 MPH)
Batting: SHB Jake Pinto 0-0: Called Strike
0-1: Ball
1-1: Ball
2-1: Ball
3-1: Ground out 1-3 (Groundball, P, EV 91.9 MPH)
Bottom of the 8th over - 0 runs, 2 hits, 0 errors, 3 left on base; Casper 3 - Tacoma 6
TOP OF THE 9TH
Casper Ghosts batting - Pitching for Tacoma Fur Traders : RHP Ralph Johnston
Pitching: RHP Vincent Moreau
Batting: RHB Cam Lumsden 0-0: Ball
1-0: Called Strike
1-1: Swinging Strike
1-2: Ball
2-2: Fly out, F9 (Flyball, 9, EV 78.8 MPH)
Batting: RHB Obiniana Romulo 0-0: Ball
1-0: DOUBLE (Line Drive, 78D, EV 103.8 MPH)
Batting: RHB Ken Joyner 0-0: Fly out, F4 (Line Drive, 4, EV 64.4 MPH)
Batting: RHB Izaak Gerkis 0-0: Ball
1-0: 2-RUN HOME RUN (Flyball, 78XD, EV 97.5 MPH), Distance : 432 ft
Pinch Hitting: LHB General Booty 0-0: Called Strike
0-1: Called Strike
0-2: Strikes out looking
Top of the 9th over - 2 runs, 2 hits, 0 errors, 0 left on base; Casper 5 - Tacoma 6
Tuesday, January 5th, 2021 - OOTP Baseball 20.8 Build 74